 Dungeon Crawl Stone Soup version 0.29.1-12-g30fa7ad0bf (webtiles) character file.

Game seed: 14371549247019622543

10487 KittyFluff the Basher (level 11, -17/99 HPs)
             Began as a Pale Draconian Berserker on Jan 17, 2023.
             Was a High Priest of Trog.
             Killed from afar by Lodul (22 damage)
             ... with a bolt of lightning
             ... on level 10 of the Dungeon.
             The game lasted 00:53:07 (11772 turns).

KittyFluff the Basher (Pale Draconian Berserker)   Turns: 11772, Time: 00:53:08

Health: -17/99     AC: 11    Str: 21    XL:     11   Next: 36%
Magic:  11/11      EV: 15    Int:  7    God:    Trog [*****.]
Gold:   471        SH:  0    Dex: 14    Spells: 10/10 levels left

rFire   . . .      SeeInvis .   a - +4 flail (vorpal)
rCold   . . .      Faith    .   (no shield)
rNeg    . . .      Spirit   .   (body armour unavailable)
rPois   .          Reflect  .   (helmet restricted)
rElec   .          Harm     .   q - +1 cloak
rCorr   .          Rampage  .   y - +0 pair of gloves
Will    .....                   x - +0 pair of boots
Stlth   +++.......              (no amulet)
HPRegen 0.26/turn               (no ring)
MPRegen 0.12/turn               (no ring)

@: no status effects
A: breathe steam, AC +7, unfitting armour, cold-blooded, steam resistance
a: Breathe Steam, Renounce Religion, Berserk, Trog's Hand, Brothers in Arms


You were on level 10 of the Dungeon.
You worshipped Trog.
Trog was extremely pleased with you.
You visited 1 branch of the dungeon, and saw 10 of its levels.

You collected 483 gold pieces.
You spent 12 gold pieces at shops.

Inventory:

Hand Weapons
 a - a +4 vorpal flail (weapon)
 j - a +0 sling
 m - a +2 whip of flaming
 C - a +3 mace of holy wrath
 F - the +10 dark maul {vorpal}
   (You took it off a two-headed ogre on level 8 of the Dungeon)

   It inflicts extra damage upon your enemies.
 G - a +0 dire flail
 I - a +0 shortbow
Missiles
 b - 83 stones (quivered)
 d - 6 curare-tipped darts
 t - 27 poisoned darts
Armour
 g - a scarf of resistance
 q - a +1 cloak (worn)
 x - a +0 pair of boots (worn)
 y - a +0 pair of gloves (worn)
Wands
 k - a wand of polymorph (10)
 r - a wand of flame (8)
 B - a wand of roots (15)
 E - a wand of charming (9)
Scrolls
 e - 4 scrolls of teleportation
 l - a scroll of enchant armour
 n - 2 scrolls of fear
 u - 2 scrolls of immolation
 v - a scroll of blinking
 A - 2 scrolls of fog
 D - a scroll of vulnerability
Potions
 c - a potion of attraction
 f - 6 potions of heal wounds
 h - a potion of magic
 i - 2 potions of curing
 o - 5 potions of might
 p - a potion of lignification {unknown}
 s - 2 potions of resistance {unknown}
 w - a potion of mutation {unknown}
 z - 2 potions of brilliance {unknown}
 H - a potion of flight {unknown}
 J - a potion of experience {unknown}


   Skills:
 + Level 9.8 Fighting
 * Level 12.4 Maces & Flails
 + Level 1.6 Ranged Weapons
 + Level 2.6 Throwing
 + Level 7.8 Dodging
 + Level 5.5 Stealth
 + Level 0.8 Unarmed Combat


You had 10 spell levels left.
You didn't know any spells.
Your spell library was empty.

Dungeon Overview and Level Annotations

Branches:
Dungeon (10/15)            Temple (0/1) D:7            Lair (0/5) D:8
    Orc: D:9-12

Altars:
Ashenzari
Uskayaw

Shops:
D:4 *   D:9 *

Annotations:
D:6 2 transporters, TheGhostDragon953's ghost, novice MiBe
D:10 Lodul


Innate Abilities, Weirdness & Mutations

You can breathe blasts of scalding, opaque steam.
Your pale cyan-grey scales are hard. (AC +7)
You cannot fit into any form of body armour.
You are cold-blooded and may be slowed by cold attacks.
You are immune to the effects of steam.


Message History

You barely miss the vampire. The vampire attacks as you move away!
The vampire completely misses you. The vampire barely misses you.
You feel less confused.
You barely miss the vampire. The vampire casts a spell at you.
You are confused.
The vampire casts a spell.
The vampire flickers and vanishes!
Deactivating autopickup; reactivate with Ctrl-A.
Something hits you. Something bites you but does no damage. Something hits you.
Something bites you.
Something draws strength from your injuries!
Lodul the Thundrous comes into view.
He is wielding a +0 dire flail.
You closely miss something. Something closely misses you.
Something bites you but does no damage.
You bump into the rock wall.
You feel less confused. Something hits you but does no damage.
Something bites you.
Something draws strength from your injuries!
You miss something. Something hits you. Something bites you.
Something draws strength from your injuries!
Something hits you but does no damage. Something bites you.
Something draws strength from your injuries!
Something hits you but does no damage. Something barely misses you.
Electricity crackles from Lodul's apparatus.
The bolt of lightning hits you!! Something hits you! Something bites you.
* * * LOW HITPOINT WARNING * * *
Something draws strength from your injuries!
Really walk into that dispersal trap?
You enter a dispersal trap!
Lodul blinks!
You blink.
Electricity crackles from Lodul's apparatus.
The bolt of lightning hits you!!
* * * LOW HITPOINT WARNING * * *
As you read the scroll of fog, it crumbles to dust.
The scroll dissolves into smoke.
Electricity crackles from Lodul's apparatus.
The bolt of lightning hits you!!
You die...

# #.# # ..O # ####### .O# ###
######.....# .. ..# #..........#
.# ..##### #......O...####.#
......##########)........<)....##
#.###.....[÷.).))§§§.............
#.. ############@.§§§.....#####.#
###. #§§§§§###### .# .# #§§§§§# #
. #.§§§§# #.....# #######


You could see Lodul.

Vanquished Creatures
  2 two-headed ogres (D:8)
  An orc knight (D:8)
  Pikel (D:5)
  2 cyclopes (D:8)
  Joseph (D:9)
  2 trolls
  Grinder (D:5)
  2 hornets
  9 yaks
  4 wyverns
  Eustachio (D:5)
  Edmund (D:6)
  2 wargs (D:8)
  An acid dragon (D:9)
  A water moccasin (D:9)
  4 orc warriors
  2 sky beasts
  3 black bears
  4 ogres
  A centaur (D:9)
  2 lemures (D:5)
  4 kobold brigands
  2 bullfrogs
  2 scorpions
  2 necrophages
  10 wights
  5 killer bees
  4 howler monkeys
  3 hounds
  A jelly (D:6)
  Crazy Yiuf (D:3)
  3 gnoll boudas
  3 orc priests
  3 iguanas
  Ijyb (D:3)
  12 orc wizards
  Robin (D:2)
  13 gnolls
  2 adders (D:6)
  A white imp (D:5)
  An ufetubus (D:6)
  A worm (D:2)
  2 dart slugs
  32 orcs
  6 ball pythons
  7 endoplasms
  3 giant cockroaches
  11 goblins
  8 hobgoblins
  3 jackals (D:1)
  4 quokkas
  7 bats
  2 frilled lizards
  22 kobolds
  5 rats
234 creatures vanquished.

Notes
Turn   | Place    | Note
-------+----------+-------------------------------------------
     0 | D:1      | KittyFluff the Draconian Berserker began the quest for the
                  | Orb.
     0 | D:1      | Reached XP level 1. HP: 19/19 MP: 1/1
   302 | D:1      | Reached XP level 2. HP: 25/26 MP: 2/2
   718 | D:2      | Noticed Robin
   737 | D:2      | Reached XP level 3. HP: 5/33 MP: 3/3
   746 | D:2      | Killed Robin
   746 | D:2      | Reached ** piety under Trog
  1525 | D:2      | Reached XP level 4. HP: 39/40 MP: 4/4
  2042 | D:3      | Noticed Ijyb
  2081 | D:3      | Killed Ijyb
  2082 | D:3      | Reached skill level 4 in Maces & Flails
  2272 | D:3      | Found a runed translucent door.
  2273 | D:3      | Noticed Crazy Yiuf
  2281 | D:3      | Killed Crazy Yiuf
  2530 | D:3      | Reached skill level 1 in Stealth
  2530 | D:3      | Reached XP level 5. HP: 7/47 MP: 5/5
  3532 | D:4      | Reached XP level 6. HP: 52/53 MP: 6/6
  3693 | D:4      | Found Peeroman's General Store.
  4064 | D:5      | Entered Level 5 of the Dungeon
  4085 | D:5      | Noticed Eustachio
  4113 | D:5      | Killed Eustachio
  4114 | D:5      | Reached skill level 5 in Maces & Flails
  4382 | D:5      | Your scales start taking on a pale cyan-grey colour.
  4382 | D:5      | Reached XP level 7. HP: 20/60 MP: 7/7
  4382 | D:5      | Gained mutation: You are immune to the effects of steam.
                  | [Pale Draconian growth]
  4631 | D:5      | Reached skill level 5 in Fighting
  4701 | D:5      | Noticed Grinder
  4714 | D:5      | Killed Grinder
  4715 | D:5      | Reached skill level 6 in Maces & Flails
  4715 | D:5      | Reached skill level 1 in Ranged Weapons
  4715 | D:5      | Reached skill level 1 in Throwing
  4934 | D:5      | Noticed Pikel
  4953 | D:5      | Killed Pikel
  4954 | D:5      | Reached skill level 5 in Dodging
  4954 | D:5      | Reached XP level 8. HP: 64/70 MP: 8/8
  5539 | D:6      | Reached *** piety under Trog
  5587 | D:6      | Reached skill level 7 in Maces & Flails
  5596 | D:6      | Found a transporter.
  5598 | D:6      | Noticed TheGhostDragon953's ghost (novice MiBe)
  5603 | D:6      | Found a transporter.
  5773 | D:6      | Noticed Edmund
  5846 | D:6      | Killed Edmund
  6023 | D:6      | Reached XP level 9. HP: 57/77 MP: 9/9
  6587 | D:6      | Reached skill level 8 in Maces & Flails
  6936 | D:7      | Found a staircase to the Ecumenical Temple.
  6975 | D:7      | Found a hide-covered altar of Uskayaw.
  7005 | D:7      | Reached **** piety under Trog
  7563 | D:7      | Paralysed by a hornet for 2 turns
  7873 | D:7      | Reached skill level 9 in Maces & Flails
  7873 | D:7      | Reached skill level 5 in Stealth
  7978 | D:7      | Found a broken altar of Ashenzari.
  8588 | D:8      | Reached XP level 10. HP: 86/87 MP: 10/10
  8787 | D:8      | Found a staircase to the Lair.
  9142 | D:8      | Noticed an orc knight
  9156 | D:8      | Killed an orc knight
  9157 | D:8      | Reached skill level 10 in Maces & Flails
  9363 | D:8      | Noticed a two-headed ogre
  9384 | D:8      | Killed a two-headed ogre
  9642 | D:8      | Noticed a cyclops
  9669 | D:8      | Killed a cyclops
  9698 | D:8      | Noticed a two-headed ogre
  9711 | D:8      | Killed a two-headed ogre
  9712 | D:8      | Reached skill level 11 in Maces & Flails
  9917 | D:8      | Noticed a cyclops
  9920 | D:8      | Killed a cyclops
 10121 | D:8      | Reached XP level 11. HP: 90/97 MP: 11/11
 10388 | D:9      | Noticed Joseph
 10413 | D:9      | Killed Joseph
 10799 | D:9      | Reached skill level 12 in Maces & Flails
 11167 | D:9      | Found Sudoy's CLEARANCE SALE!.
 11185 | D:9      | Bought a scroll of identify for 12 gold pieces
 11306 | D:10     | Entered Level 10 of the Dungeon
 11464 | D:10     | Reached ***** piety under Trog
 11759 | D:10     | Noticed Lodul
 11768 | D:10     | HP: 4/99 [Lodul/bolt of lightning (24)]
 11772 | D:10     | Killed from afar by Lodul

Illustrated notes

Levels and vault maps discovered:
D:1:      spicycebolla_green_bress_n_ham_2, layout_loops_cross
D:2:      layout_basic, uniq_robin
D:3:      layout_loops_ring, minmay_misc_feat_iff, uniq_crazy_yiuf_cottage,
          uniq_ijyb
D:4:      layout_gridville, serial_shops,
          nicolae_shop_competitors_out_of_business, minmay_starry_boxes
D:5:      layout_basic, uniq_grinder, uniq_eustachio, uniq_pikel
D:6:      layout_gridville, gammafunk_ghost_smash, uniq_edmund
D:7:      layout_basic, lemuel_doored_altar, marbit_many_paths,
          minmay_temple_entry_junction
D:8:      layout_basic, erik_lair_orcish_takeover,
          hellmonk_guarded_unrand_dark_maul
D:9:      layout_basic, nicolae_shop_clearance, uniq_joseph
D:10:     layout_basic, nicolae_qazlal_style_of_elements, minmay_misc_feat_five,
          uniq_josephine, uniq_lodul

Skill      XL: |  1  2  3  4  5  6  7  8  9 10 11 |
---------------+----------------------------------+-----
Dodging        | 3 4 5 6 7 |  7.8
Fighting       | 4 5 6 7 9 |  9.8
Maces & Flails | 4 5 6 7 9 11 12 | 12.4
Stealth        | 1 2 3 4 5 |  5.5
Ranged Weapons | 1 |  1.6
Throwing       | 1 2 |  2.6
Unarmed Combat | |  0.8

Action                   |  1- 3 |  4- 6 |  7- 9 | 10-12 || total
-------------------------+-------+-------+-------+-------++-------
Melee: Mace              |    75 |    20 |    97 |       ||   192
       Tailslap          |    10 |    23 |    41 |    23 ||    97
       Whip              |    11 |    95 |       |       ||   106
       Punch             |       |       |     5 |     2 ||     7
       Unarmed           |       |       |    10 |       ||    10
       Flail             |       |       |   158 |   188 ||   346
       Maul              |       |       |       |    20 ||    20
 Fire: Sling             |       |     2 |       |       ||     2
Throw: Stone             |    11 |     7 |     4 |    20 ||    42
Invok: Berserk           |     1 |     2 |       |       ||     3
 Abil: Breathe Steam     |       |       |    14 |     7 ||    21
  Use: Scroll            |     4 |     6 |     2 |     4 ||    16
       Potion            |       |       |     1 |       ||     1
 Stab: Sleeping          |     2 |       |     2 |       ||     4
Armor: Skin              |    36 |    20 |    81 |    62 ||   199
Dodge: Dodged            |    70 |    61 |   190 |   139 ||   460
